Map: Rust Bucket LE

Players

Alexandre - Winner!

  • Race: Zerg Zerg

Leckerchen - Winner!

  • Race: Terran Terran

Akros

  • Race: Protoss Protoss

Vompidoo

  • Race: Protoss Protoss

VOD

Have the link to the VOD?

Description

Time

  • Played on: Sept. 14, 2026, 7:38 a.m.
  • Length: 10:02
Show
View Real Time Build Order
Export as new Build Order

Alexandre Zerg - Winner!

Build Orders: Hatch First 

Get SALT Encoding   

  8  0:01  Drone  
  9  0:11  Drone  
  10  0:24  Drone  
  10  0:27  Drone  
  12  0:44  Overlord  
  12  1:08  Drone, Hatchery  
  12  1:12  Drone  
  14  1:18  Drone  
  14  1:22  Drone  
  15  1:41  Spawning Pool  
  15  1:43  Drone  
  15  1:47  Drone  
  16  2:00  Drone  
  16  2:01  Drone  
  18  2:08  Extractor  
  18  2:09  Extractor  
  18  2:10  Drone  
  17  2:23  Drone x2  
  17  2:29  Drone  
  20  2:42  Drone  
  21  2:48  Hatchery, Drone  
  21  2:52  Drone  
  22  3:02  Drone x2  
  24  3:10  Lair  
  24  3:29  Metabolic Boost  
  24  3:31  Overlord  
  24  3:32  Overlord  
  24  3:36  Overlord  
  24  3:51  Drone x2  
  24  3:52  Drone x3  
  29  3:57  Drone  
  29  4:02  Extractor  
  29  4:03  Extractor  
  28  4:13  Drone  
  28  4:14  Spire  
  28  4:20  Queen  
  28  4:22  Drone  
  31  4:28  Drone x2  
  33  4:41  Drone x4  
  37  5:01  Drone x4  
  37  5:02  Drone  
  37  5:05  Overlord  
  42  5:07  Overlord  
  42  5:20  Mutalisk  
  42  5:21  Mutalisk x2  
  44  5:25  Mutalisk  
  50  5:30  Mutalisk  
  50  5:33  Overlord  
  52  5:39  Drone x2  
  52  5:40  Drone  
  52  5:41  Drone  
  56  5:46  Mutalisk  
  58  5:54  Mutalisk x2  
  58  5:55  Mutalisk  
  64  6:12  Mutalisk x3  
  64  6:13  Mutalisk  
  64  6:16  Drone x4  
  76  6:28  Overlord x3  
  76  6:36  Extractor  
  75  6:40  Extractor  
  75  6:41  Drone x2  
  76  6:49  Drone x6  
  76  6:50  Drone x2  
  84  6:55  Overlord x2  
  84  7:06  Pneumatized Carapace  
  84  7:08  Overseer  
  84  7:20  Drone  
  84  7:21  Drone x2  
  84  7:22  Drone x3  
  90  7:24  Mutalisk x3  
  96  7:36  Mutalisk x3  
  98  7:42  Zergling x2  
  103  7:45  Queen  
  105  7:51  Infestation Pit  
  105  7:55  Zergling x10  
  103  8:32  Zergling x10  
  103  8:33  Zergling x6, Mutalisk x2  
  115  8:55  Mutalisk x3  
  108  8:56  Mutalisk x2  
  108  8:58  Overlord  
  108  8:59  Overlord x5  
  114  9:29  Overlord x3  
  114  9:30  Overlord x2  
  114  9:37  Overseer x2  
Show
View Real Time Build Order
Export as new Build Order

Leckerchen Terran - Winner!

Build Orders:  

Get SALT Encoding   

  8  0:00  SCV  
  9  0:12  SCV  
  10  0:24  SCV  
  10  0:27  Supply Depot  
  11  0:36  SCV  
  12  0:49  SCV  
  13  0:55  Barracks  
  13  1:01  SCV  
  14  1:13  SCV  
  15  1:25  SCV  
  16  1:34  Command Center  
  16  1:37  SCV  
  17  1:49  Orbital Command  
  17  1:51  Marine  
  18  2:00  Supply Depot  
  18  2:09  Marine  
  18  2:15  SCV  
  20  2:21  Barracks  
  20  2:27  Marine  
  21  2:32  SCV  
  22  2:38  Refinery  
  22  2:43  Barracks  
  22  2:44  SCV  
  22  2:47  Marine  
  24  2:57  SCV  
  25  2:59  Refinery  
  25  3:07  Orbital Command  
  25  3:10  SCV  
  26  3:13  Barracks Tech Lab  
  26  3:14  Marine  
  27  3:22  SCV  
  28  3:30  Barracks Reactor  
  28  3:31  Marine  
  29  3:35  SCV x2  
  29  3:38  Supply Depot  
  31  3:44  Marine  
  31  3:46  Stimpack  
  31  3:47  SCV x2  
  34  3:49  Marine  
  35  3:59  SCV x2  
  35  4:00  Refinery  
  35  4:02  Engineering Bay  
  37  4:04  Marine  
  38  4:10  Supply Depot  
  38  4:11  SCV x2  
  38  4:13  Marine x2  
  38  4:14  Marine  
  43  4:23  SCV x2  
  45  4:32  Missile Turret, Barracks Reactor  
  45  4:35  SCV  
  45  4:36  SCV, Missile Turret  
  47  4:45  Factory  
  47  4:47  SCV  
  47  4:48  SCV  
  47  4:51  Terran Infantry Weapons Level 1  
  49  4:53  Marine x3  
  53  5:00  SCV x2  
  54  5:11  Marine x3  
  54  5:12  SCV  
  58  5:23  Refinery  
  58  5:24  Command Center  
  58  5:28  Factory Tech Lab  
  58  5:36  Starport  
  58  5:42  Missile Turret  
  58  5:45  Missile Turret  
  58  5:49  Armory  
  58  5:56  Supply Depot  
  58  5:59  Supply Depot  
  58  6:14  Combat Shield  
  58  6:17  Marine x2  
  58  6:18  Starport Reactor, SCV, Siege Tank, Supply Depot, Marauder  
  66  6:20  Marine  
  66  6:21  SCV  
  66  6:25  Supply Depot  
  68  6:29  Marine  
  68  6:30  SCV  
  70  6:33  SCV  
  70  6:35  Marine x2  
  70  6:37  Factory  
  73  6:42  SCV  
  73  6:45  Marine, Marauder, SCV  
  78  6:47  Marine  
  78  6:50  Siege Tank  
  78  6:52  Terran Infantry Weapons Level 2  
  78  6:53  Terran Vehicle Weapons Level 1  
  82  6:54  SCV  
  82  6:56  Supply Depot  
  82  7:00  Supply Depot  
  82  7:01  Engineering Bay  
  83  7:08  Orbital Command  
  84  7:15  SCV  
  84  7:16  SCV  
  84  7:19  Medivac x2  
  84  7:21  Supply Depot  
  89  7:24  Supply Depot  
  89  7:26  Marine x4, Marauder  
  89  7:29  SCV  
  96  7:44  Supply Depot, Marine x3  
  96  7:45  Marine  
  96  7:46  Supply Depot  
  100  7:52  Siege Tank, Factory Tech Lab  
  100  7:53  Medivac x2  
  100  7:55  SCV  
  100  7:56  SCV x2  
  110  8:48  Marine x3  
  104  8:49  Marine x2  
  104  8:50  Thor x2  
  117  9:06  Marine x5  
  122  9:16  SCV x3  
  125  9:22  Refinery x2  
  125  9:24  Marine x5  
  141  9:41  Marine  
  141  9:42  Marine  
Show
View Real Time Build Order
Export as new Build Order

Akros Protoss 

Build Orders:  

Get SALT Encoding   

  8  0:14  Probe  
  9  0:26  Probe  
  10  0:28  Pylon  
  10  0:38  Probe  
  11  0:50  Probe  
  11  0:56  Gateway  
  12  1:03  Probe  
  13  1:10  Pylon  
  13  1:15  Probe  
  14  1:27  Probe  
  15  1:39  Probe  
  16  1:57  Nexus  
  16  2:01  Probe  
  16  2:06  Assimilator  
  17  2:11  Assimilator  
  17  2:23  Probe (Chrono Boost)  
  18  2:35  Probe (Chrono Boost)  
  19  2:43  Probe (Chrono Boost)  
  20  2:45  Gateway  
  20  2:49  Probe  
  20  2:50  Gateway  
  21  3:03  Probe (Chrono Boost)  
  22  3:10  Probe (Chrono Boost)  
  22  3:11  Cybernetics Core  
  25  3:20  Probe x2 (Chrono Boost)  
  27  3:28  Probe (Chrono Boost)  
  27  3:29  Probe (Chrono Boost)  
  27  3:33  Probe (Chrono Boost)  
  27  3:34  Gateway  
  27  3:36  Probe  
  27  3:37  Pylon  
  29  3:41  Pylon  
  29  3:45  Warp Gate (Chrono Boost)  
  29  3:47  Probe (Chrono Boost)  
  30  3:57  Probe (Chrono Boost)  
  30  4:02  Twilight Council  
  31  4:07  Gateway  
  31  4:11  Gateway  
  31  4:15  Pylon  
  31  4:21  Probe (Chrono Boost)  
  31  4:22  Assimilator  
  32  4:28  Assimilator  
  32  4:31  Probe (Chrono Boost)  
  33  4:34  Probe (Chrono Boost)  
  33  4:36  Probe (Chrono Boost)  
  35  4:42  Dark Shrine  
  35  4:44  Probe  
  36  4:46  Robotics Facility  
  36  4:55  Gateway  
  36  4:58  Pylon  
  36  5:01  Probe  
  37  5:08  Probe  
  37  5:13  Probe  
  39  5:17  Gateway  
  39  5:20  Probe  
  40  5:39  Pylon x2  
  40  5:44  Warp Prism  
  40  5:49  Shadow Stride (Chrono Boost)  
  42  6:05  Nexus  
  42  6:07  Blink  
  42  6:19  Observer  
  43  6:27  Assimilator  
  43  6:31  Assimilator  
  43  6:36  Pylon  
  43  6:37  Observer  
  43  6:38  Pylon  
  44  6:44  Forge  
  44  6:45  Forge  
  44  6:50  Pylon  
  42  7:22  Robotics Facility  
  42  7:23  Robotics Bay  
  42  7:25  Robotics Facility  
  42  7:28  Pylon  
  42  7:32  Dark Templar x2  
  42  7:33  Dark Templar x4  
  42  7:34  Dark Templar  
  56  7:42  Dark Templar  
  58  7:49  Probe (Chrono Boost)  
  60  7:59  Probe (Chrono Boost)  
  60  8:04  Probe (Chrono Boost)  
  61  8:16  Probe  
  61  8:18  Dark Templar x2  
  61  8:19  Dark Templar  
  59  8:28  Probe  
  51  8:45  Stalker  
  51  8:46  Stalker x2  
  51  9:05  Colossus  
  51  9:06  Colossus  
Show
View Real Time Build Order
Export as new Build Order

Vompidoo Protoss 

Build Orders:  

Get SALT Encoding   

  8  0:00  Probe (Chrono Boost)  
  9  0:11  Probe (Chrono Boost)  
  10  0:18  Probe  
  11  0:30  Probe  
  11  0:34  Pylon  
  12  0:42  Probe  
  13  0:54  Probe (Chrono Boost)  
  14  0:58  Gateway  
  14  1:06  Probe (Chrono Boost)  
  14  1:10  Assimilator  
  15  1:14  Probe (Chrono Boost)  
  16  1:20  Probe  
  17  1:29  Assimilator  
  17  1:32  Probe  
  18  1:45  Probe, Cybernetics Core  
  19  1:53  Pylon  
  19  1:57  Probe (Chrono Boost)  
  20  2:09  Probe (Chrono Boost)  
  21  2:21  Stargate  
  21  2:22  Probe  
  22  2:34  Probe  
  23  2:46  Probe  
  24  2:53  Nexus  
  24  3:00  Probe  
  25  3:12  Void Ray  
  29  3:22  Protoss Air Weapons Level 1 (Chrono Boost)  
  29  3:23  Pylon  
  29  3:36  Assimilator  
  29  3:38  Assimilator  
  29  3:41  Probe  
  30  3:53  Probe  
  30  3:54  Shield Battery  
  31  4:02  Void Ray  
  35  4:06  Probe (Chrono Boost)  
  37  4:10  Probe (Chrono Boost)  
  37  4:19  Probe (Chrono Boost)  
  37  4:22  Probe (Chrono Boost)  
  39  4:27  Probe (Chrono Boost)  
  39  4:28  Probe (Chrono Boost)  
  41  4:33  Probe  
  41  4:35  Probe  
  43  4:45  Probe  
  44  4:48  Probe  
  45  4:53  Void Ray  
  45  4:57  Probe  
  50  5:03  Pylon  
  50  5:15  Pylon  
  50  5:18  Protoss Air Armor Level 1 (Chrono Boost)  
  50  5:21  Probe x2  
  52  5:33  Probe  
  53  5:36  Void Ray  
  53  5:40  Fleet Beacon  
  57  5:46  Forge  
  57  5:54  Cybernetics Core  
  57  5:58  Pylon  
  57  6:03  Stargate  
  57  6:10  Protoss Shields Level 1 (Chrono Boost)  
  57  6:19  Void Ray  
  57  6:23  Flux Vanes  
  61  6:30  Protoss Air Weapons Level 2  
  61  6:47  Void Ray  
  65  6:52  Twilight Council  
  65  6:57  Pylon  
  65  7:02  Void Ray  
  69  7:13  Protoss Air Armor Level 2 (Chrono Boost)  
  69  7:22  Photon Cannon  
  69  7:30  Void Ray  
  69  7:32  Photon Cannon  
  69  7:35  Pylon  
  73  7:45  Photon Cannon, Void Ray  
  73  7:47  Protoss Shields Level 2 (Chrono Boost)  
  77  8:01  Pylon  
  77  8:11  Photon Cannon  
  77  8:13  Void Ray  
  73  8:58  Carrier  
  61  9:12  Photon Cannon  
  61  9:14  Photon Cannon  
  61  9:15  Shield Battery  
  61  9:17  Pylon  
Tags
 
Add a new tag
Caveats
  • Supply blocks, unpowered buildings, or Contaminate may cause inaccurate times.
  • Supply counts are checked every 10 seconds.